[Event "Late-Titled-Tuesday-Blitz-February-13-2024"]
[Site "Chess.com"]
[Date "2024.02.13"]
[Round "2"]
[White "Durarbayli"]
[Black "sotochess"]
[Result "1-0"]
[WhiteElo "2912"]
[BlackElo "2584"]
[TimeControl "180+1"]
[EndTime "14:18:17 PST"]
[Termination "Durarbayli won on time"]

1. c4 Nf6 2. Nc3 e5 3. g3 Bc5 4. Bg2 O-O 5. e3 Re8 6. Nge2 Nc6 7. O-O d6 8. d4 Bb6 9. h3 Bf5 10. d5 Ne7 11. e4 Bd7 12. Kh2 Ng6 13. Qd3 h5 14. f4 h4 15. f5 hxg3+ 16. Qxg3 Nf8 17.
Bf3 Kh8 18. Bg5 N8h7 19. Bh4 Rg8 20. Bg4 a5 21. Kh1 Qf8 22. Ng1 Nxg4 23. Qxg4 g5 24. Bf2 Nf6 25. Qg3 Bxf2 26. Rxf2 Qh6 27. Rh2 Rg7 28.
Nf3 Rag8 29. Rg1 Nh5 30. Qg4 Nf6 31. Qg3 Nh5 32. Qg4 Nf6 33. Qg2 Qh5 34. Qe2 Rh7 35.
Nd1 Bc8 36. Nf2 c6 37. Ng4 Ne8 38. Qf2 cxd5 39. cxd5 f6 40. h4 gxh4 41. Rxh4 Qf7 42. Rg2 Rxh4+ 43. Nxh4 Rg5 44. Rh2 Kg7 45. Qf3 Qh5 46.
Ne3 Qxf3+ 47. Nxf3 Rg3 48. Rf2 Kf7 49. Kh2 Rg7 50. Rc2 Bd7 51. Nh4 Rh7 52. Kg3 Ke7 53. Ng4 Kd8 54. Rc3 b5 55. Rc2 b4 56. Rc1 Rg7 57. Ng6 1-0

[Event "Late-Titled-Tuesday-Blitz-February-13-2024"]
[Site "Chess.com"]
[Date "2024.02.13"]
[Round "2"]
[White "gxbg2000"]
[Black "EsmeraldasAnderson03"]
[Result "0-1"]
[WhiteElo "2047"]
[BlackElo "2421"]
[TimeControl "180+1"]
[EndTime "14:18:18 PST"]
[Termination "EsmeraldasAnderson03 won on time"]

1. e4 c5 2. Nf3 d6 3. d4 cxd4 4. Nxd4 Nf6 5. Bd3 e5 6. Ne2 Be7 7. O-O O-O 8. Ng3 Nc6 9. c3 a6 10. Bg5 h6 11. Bxf6 Bxf6 12. Na3 b5 13. Nc2 Be6 14. Qe2 Qb6 15. Ne3 Ne7 16. a3 Rab8 17.
Rfd1 Ng6 18. Ngf5 Rfd8 19. g3 a5 20. Rd2 b4 21. axb4 axb4 22. c4 Bg5 23. b3 Ne7 24.
Nxe7+ Bxe7 25. Rda2 Qd4 26. Nd5 Bxd5 27. cxd5 Rdc8 28. Bc4 Bd8 29. Kg2 Bb6 30. Rd1 Qc5 31. Rda1 Qc7 32. Bb5 Bd4 33. Rd1 Ra8 34. Rxa8 Rxa8 35.
Bc6 Ra3 36. Rd3 Qa7 37. Ba4 Qc5 38. Rd2 Ra1 39. Rc2 Bc3 40. Qb5 Qd4 41. Qe8+ Kh7 42. Re2 Qd1 43. Bb5 Qh1+ 44. Kh3 Qf3 45. Qe7 Qf6 46. Qxf6 gxf6 47. Kg4 Kg6 48. Bd7 Ra3 49.
Ba4 Kg7 50. h4 Ra1 51. Kf3 Rd1 52. Ra2 Rb1 53. Re2 Bd4 54. h5 Rc1 55. Bb5 Rc3+ 56.
Kg2 Rxb3 57. Bd7 Rb1 0-1

[Event "Late-Titled-Tuesday-Blitz-February-13-2024"]
[Site "Chess.com"]
[Date "2024.02.13"]
[Round "2"]
[White "BardArtem"]
[Black "ImportedItalianMaple"]
[Result "1-0"]
[WhiteElo "2776"]
[BlackElo "2529"]
[TimeControl "180+1"]
[EndTime "14:18:19 PST"]
[Termination "BardArtem won by resignation"]

1. e4 g6 2. d4 Bg7 3. Nc3 d5 4. Nxd5 c6 5. Ne3 Qxd4 6. Qxd4 Bxd4 7. Nf3 Bg7 8. c3 Nf6 9. Bd3 Nbd7 10. Bc2 Nc5 11.
Nd2 e5 12. f3 Be6 13. Nb3 Nfd7 14. Kf2 f6 15. Nxc5 Nxc5 16. b4 Nd7 17. Bb3 Kf7 18.
Rd1 Rhd8 19. Bxe6+ Kxe6 20. Nc4 Nb6 21. Rxd8 Rxd8 22.
Na5 Rd7 23. Be3 Bf8 24. a4 Nc8 25. Nb3 Rd3 26. Bd2 Nb6 27. Ke2 Rd7 28. Be3 Nc4 29.
Bf2 b6 30. a5 b5 31. a6 f5 32. Rd1 fxe4 33. fxe4 Rc7 34. Rd8 Be7 35. Ra8 Nb6 36.
Rb8 Nc8 37. Rb7 Kd7 38. Nc5+ Bxc5 39. Bxc5 h5 40. Kf3 g5 41. Be3 g4+ 42. Kg3 Nd6 43.
Rxc7+ Kxc7 44. Bxa7 Nxe4+ 45. Kh4 Nxc3 46. Kxh5 Nd5 47.
Bc5 e4 48. Kxg4 e3 49. Kf3 Nxb4 50. Bxb4 Kb6 51. Kxe3 Kxa6 52. Kd4 Kb6 53. g4 Kc7 54. g5 Kd7 55. h4 Ke6 56. Kc5 Kf5 57. Kxc6 Kg6 58.
Kxb5 Kh5 59. Kc5 Kxh4 60. g6 1-0

[Event "Late-Titled-Tuesday-Blitz-February-13-2024"]
[Site "Chess.com"]
[Date "2024.02.13"]
[Round "2"]
[White "WindWhistler11"]
[Black "ritanovikova"]
[Result "1-0"]
[WhiteElo "2498"]
[BlackElo "2221"]
[TimeControl "180+1"]
[EndTime "14:18:19 PST"]
[Termination "WindWhistler11 won on time"]

1. Nf3 g6 2. g3 Bg7 3. Bg2 Nf6 4. O-O O-O 5. c4 c5 6. Nc3 Nc6 7. a3 d6 8. Rb1 Nd4 9. Ne1 Rb8 10. e3 Nc6 11. b4 a6 12. d3 Qc7 13. Bd2 b6 14. b5 axb5 15. Nxb5 Qd8 16. a4 Bb7 17. Qb3 Na5 18.
Bxa5 bxa5 19. e4 Bc6 20. Nc2 Bxb5 21. axb5 Nd7 22. f4 Nb6 23. Kh1 a4 24. Qa3 e6 25. Ne3 Bd4 26. Nc2 Bg7 27. Ne3 Bd4 28. Nd1 f5 29. Nc3 Qf6 30. Ne2 Be3 31. Rbe1 Bd2 32. Rd1 Bb4 33. Qa2 a3 34. d4 fxe4 35. Bxe4 e5 36. dxe5 dxe5 37. Qc2 exf4 38. Nxf4 Qc3 39.
Qe2 Kg7 40. Ne6+ Kh6 41. Rd3 Rxf1+ 42. Qxf1 Qe5 43. Qc1+ g5 44. Bd5 a2 45. Rd1 Bc3 46.
h4 a1=Q 47. hxg5+ Kg6 48. Nf4+ Kg7 49. Qc2 Qxd1+ 50. Qxd1 Qd4 51. Qh5 Qd1+ 52. Qxd1 Re8 53. Qh5 Re1+ 54. Kg2 1-0

[Event "Late-Titled-Tuesday-Blitz-February-13-2024"]
[Site "Chess.com"]
[Date "2024.02.13"]
[Round "2"]
[White "MyDream003"]
[Black "kaanadayhamle"]
[Result "1-0"]
[WhiteElo "2742"]
[BlackElo "2438"]
[TimeControl "180+1"]
[EndTime "14:18:21 PST"]
[Termination "MyDream003 won by resignation"]

1. Nf3 Nf6 2. d4 d5 3. c4 dxc4 4. e3 a6 5. Bxc4 b5 6. Bb3 Bb7 7. O-O e6 8. Nc3 c5 9. Qe2 Qc7 10. Rd1 c4 11. Bc2 Bd6 12. e4 b4 13. Na4 b3 14.
axb3 cxb3 15. Bd3 Be7 16. Bg5 O-O 17. Rac1 Qa5 18. Nc5 Bc6 19. Ne5 Rd8 20. Nxb3 Qb6 21. Bc2 Bb5 22. Qe3 Nbd7 23. Nxd7 Rxd7 24. Nc5 Rc7 25.
b4 Rac8 26. Ra1 Ng4 27. Qf4 Nf6 28. Qf3 h6 29. Bf4 Rc6 30. h3 Rd8 31. Be3 Rcc8 32. Bb3 Qb8 33. Bf4 Qb6 34. Be5 Nd7 35. Nxd7 Rxd7 36.
Qg3 Bf8 37. d5 exd5 38. Bxd5 Bc4 39. Rac1 Qxb4 40. Rd4 Qb2 41. Rdxc4 Qxc1+ 42. Rxc1 Rxc1+ 43. Kh2 a5 44. Qb3 Rc8 45. Qa4 Rcd8 46. Bg3 Bb4 47. Bf4 Ra7 48. Be3 Rad7 49. g3 Rc8 50. Kg2 Rdc7 51. e5 Rc3 52. e6 Ra3 53. exf7+ Kf8 54.
Qd7 Rac3 55. Qe6 R3c7 56. Qe4 Re7 57. Qh7 Rxe3 58. Qg8+ Ke7 59. Qxc8 1-0

[Event "Late-Titled-Tuesday-Blitz-February-13-2024"]
[Site "Chess.com"]
[Date "2024.02.13"]
[Round "2"]
[White "mightysmasher"]
[Black "Jarrahi2452"]
[Result "1/2-1/2"]
[WhiteElo "2549"]
[BlackElo "2817"]
[TimeControl "180+1"]
[EndTime "14:18:22 PST"]
[Termination "Game drawn - insufficient material"]

1. e4 c5 2. c3 d5 3. exd5 Qxd5 4. d4 Nf6 5. Nf3 Bg4 6. Nbd2 Nc6 7. Bc4 Bxf3 8. Qb3 Na5 9. Qb5+ Qd7 10. Nxf3 Nxc4 11.
Qxc4 cxd4 12. Qxd4 Qxd4 13. Nxd4 a6 14. O-O e6 15.
Re1 Be7 16. Bg5 Nd5 17. Bxe7 Kxe7 18. Rad1 g6 19. Nb3 Rhd8 20. Nc5 b6 21. Ne4 Rac8 22.
g3 Nf6 23. Ng5 h6 24. Nf3 Rxd1 25. Rxd1 Rd8 26. Nd4 Rd6 27. a4 e5 28. Re1 Nd7 29.
Nf3 f6 30. Kg2 Kf7 31. b4 g5 32. h3 Rd3 33. c4 Rc3 34. Re4 f5 35. Nxe5+ Ke6 36.
Nxd7+ fxe4 37. Nxb6 Rc2 38. Kf1 Ke5 39. b5 axb5 40. cxb5 Kd4 41. Nd7 Rc1+ 42. Kg2 Rc2 43. b6 e3 44. b7 Rxf2+ 45. Kg1 Rb2 46. b8=Q Rxb8 47. Nxb8 Kd3 48. Nc6 e2 49. Ne5+ Ke3 50.
Nc4+ Kf3 51. Nd2+ Ke3 52. Nc4+ Kf3 53. Nd2+ Kxg3 54. Nf1+ Kf3 55. Nd2+ Ke3 56. Nc4+ Kd4 57. Kf2 Kxc4 58. Kxe2 h5 59. Kf3 Kb4 60. Ke4 g4 61. hxg4 hxg4 62. Kf4 Kxa4 63. Kxg4 1/2-1/2

[Event "Late-Titled-Tuesday-Blitz-February-13-2024"]
[Site "Chess.com"]
[Date "2024.02.13"]
[Round "2"]
[White "snowlord"]
[Black "ozates"]
[Result "1/2-1/2"]
[WhiteElo "2865"]
[BlackElo "2578"]
[TimeControl "180+1"]
[EndTime "14:18:30 PST"]
[Termination "Game drawn - insufficient material"]

1. e4 c5 2. Nc3 Nc6 3. Bb5 Nd4 4. Nf3 a6 5. Bd3 g6 6. Rb1 Bg7 7. b4 cxb4 8. Rxb4 Nc6 9. Rb3 d6 10. Bb2 Nf6 11. Nd5 O-O 12. Nb6 Rb8 13. Nxc8 Qxc8 14.
O-O b5 15. Qa1 Qd7 16. e5 dxe5 17. Nxe5 Nxe5 18. Bxe5 Rbc8 19. a4 bxa4 20. Ra3 Rc5 21. Re1 Rfc8 22. Bd4 Rd5 23. Bc3 Qa7 24. Rxa4 a5 25.
Rxa5 Rxa5 26. Qxa5 Qxa5 27. Bxa5 e6 28. g3 Nd5 29. c3 Ra8 30. Ra1 Bh6 31. c4 Bxd2 32.
cxd5 Rxa5 33. Rd1 Bb4 34. dxe6 fxe6 35. Bc4 Re5 36. Rd7 Bc5 37. Kg2 g5 38. Rc7 h5 39.
Bxe6+ Kh8 40. Bf7 h4 41. Bg6 hxg3 42. fxg3 g4 43. Bd3 Re3 44. Bc4 Bd4 45. Rd7 Be5 46. Rd1 Rc3 47. Be2 Rc2 48. Kf1 Kg7 49. Rd3 Kf6 50.
Re3 Bd4 51. Rd3 Rc1+ 52. Bd1 Be5 53. Kg2 Kf5 54. Rd2 Rc3 55. Bc2+ Kg5 56. Re2 Bd4 57. Bb1 Be3 58. Be4 Rb3 59. Rc2 Bd4 60. Ra2 Rb2+ 61. Rxb2 Bxb2 62. Bd3 Bd4 63. Be2 Be3 64. h4+ gxh3+ 65. Kxh3 Bf2 66. Kg2 Bxg3 1/2-1/2

[Event "Late-Titled-Tuesday-Blitz-February-13-2024"]
[Site "Chess.com"]
[Date "2024.02.13"]
[Round "2"]
[White "sakkikuska"]
[Black "Szparu"]
[Result "0-1"]
[WhiteElo "2534"]
[BlackElo "2789"]
[TimeControl "180+1"]
[EndTime "14:18:32 PST"]
[Termination "Szparu won by resignation"]

1. e4 c5 2. Nf3 d6 3. d4 cxd4 4. Nxd4 Nf6 5. f3 Nc6 6. c4 g6 7. Nc3 Bg7 8. Be3 O-O 9. Qd2 Nxd4 10. Bxd4 a5 11. Rc1 a4 12. Nd5 Nxd5 13. cxd5 Bd7 14.
Bxg7 Kxg7 15. Bd3 Qb6 16. Qf2 Qb4+ 17. Qd2 Qb6 18. Qf2 Qxf2+ 19. Kxf2 Rfc8 20. Ke3 f5 21. exf5 gxf5 22. f4 Kf6 23. Kd4 h5 24. g3 h4 25.
Rxc8 Rxc8 26. Bc4 Rg8 27. Rg1 Rh8 28. Ke3 hxg3 29. hxg3 Rh2 30. Be2 Be8 31. Rd1 Bf7 32.
b4 Rh8 33. Bf3 Rc8 34. Kd3 Be8 35. a3 Bb5+ 36. Kd2 Rg8 37. Rg1 Bc4 38. Kc3 Bb3 39. Kd2 Rh8 40. Rh1 Rg8 41. Rg1 Rg7 42. Rg2 Rh7 43.
Rf2 Rh3 44. g4 fxg4 45. Bxg4 Rh1 46. Bf3 Ra1 47. Re2 Rxa3 48. Re6+ Kf7 49. Bh5+ Kf8 50. Rh6 Bxd5 51. Rh8+ Kg7 52. Re8 e6 53. Bg4 Kf6 54. Rf8+ Ke7 55. Rh8 Rb3 56. Rh7+ Kf6 57. Rh6+ Kg7 58.
Rh2 Rb2+ 0-1

[Event "Late-Titled-Tuesday-Blitz-February-13-2024"]
[Site "Chess.com"]
[Date "2024.02.13"]
[Round "2"]
[White "GlavkonVVS"]
[Black "TigrVShlyape"]
[Result "0-1"]
[WhiteElo "2564"]
[BlackElo "2865"]
[TimeControl "180+1"]
[EndTime "14:18:33 PST"]
[Termination "TigrVShlyape won by resignation"]

1. c4 e5 2. Nc3 Nc6 3. g3 Bc5 4. Bg2 Nge7 5. e3 a6 6. Nge2 Ba7 7. d4 d6 8. O-O O-O 9. h3 Rb8 10. b3 b5 11. cxb5 axb5 12. Bb2 b4 13. Nd5 Nxd5 14. Bxd5 Ne7 15. Bg2 Ba6 16. Re1 f6 17. Rc1 Kh8 18.
g4 Ng6 19. Ng3 Nh4 20. Bh1 Bb7 21. d5 Bc8 22. Qc2 Bb6 23. Kh2 f5 24. gxf5 Nxf5 25.
Be4 Nh6 26. Rh1 Ra8 27. Ba1 Qh4 28. Kg2 Nf7 29. Bf5 Ng5 30. Bxc8 Rfxc8 31. Qc4 Qxc4 32. Rxc4 Rxa2 33. h4 Nf7 34. Rxb4 Bxe3 35. Ne4 h5 36. Ra4 Rc2 37. Rc4 Rxc4 38. bxc4 Bb6 39. Rc1 Ra8 40. Bc3 Ra4 41. Bd2 Kh7 42. Kf3 Ra3+ 43. Be3 Bxe3 44. fxe3 Nh6 45. Ng5+ Kg6 46. Ke4 Ng4 47. Re1 Rc3 48.
Ne6 Nf6+ 49. Kf3 Rxc4 50. Rg1+ Ng4 51. e4 Rc3+ 52. Ke2 Re3+ 53. Kd2 Rxe4 54. Nxc7 Rd4+ 55. Kc3 Kf5 56. Rf1+ Rf4 57. Rg1 Rf3+ 58. Kb4 e4 59. Kc4 Ke5 60. Nb5 Ne3+ 61. Kb4 Nxd5+ 62. Ka5 e3 63. Rxg7 e2 64. Rg5+ Rf5 65. Rxf5+ Kxf5 66. Nd4+ Kg4 67. Nxe2 Nf4 68. Nd4 d5 69. Kb5 Kxh4 70. Kc5 Kg4 71. Kd6 h4 72. Ke5 h3 73. Nf5 h2 74. Ne3+ Kg5 75. Nf1 h1=Q 76. Nd2 Qe1+ 0-1

[Event "Late-Titled-Tuesday-Blitz-February-13-2024"]
[Site "Chess.com"]
[Date "2024.02.13"]
[Round "2"]
[White "picturesquecheck"]
[Black "Agibileg"]
[Result "0-1"]
[WhiteElo "2401"]
[BlackElo "2731"]
[TimeControl "180+1"]
[EndTime "14:18:35 PST"]
[Termination "Agibileg won by resignation"]

1. e4 e5 2. Nf3 Nc6 3. Bc4 Nf6 4. Ng5 d5 5. exd5 Na5 6. Bb5+ c6 7. dxc6 bxc6 8. Bd3 Nd5 9. Nf3 Nf4 10. O-O Nxd3 11.
cxd3 Bd6 12. Re1 O-O 13. Nxe5 Re8 14. d4 f6 15. Nf3 Bg4 16. Re3 Bf4 17. Nc3 Bxe3 18.
dxe3 Rb8 19. b3 c5 20. d5 c4 21. b4 Rxb4 22. Ba3 Rb8 23. h3 Bh5 24. d6 Kh8 25. Qd5 Bxf3 26. Qxf3 Qd7 27. Rd1 Nc6 28. Ne4 Ne5 29.
Qg3 Qa4 30. Rd4 Qxa3 31. d7 Rf8 32. f4 Ng6 33. Kh2 Rbd8 34. h4 Ne7 35. Nd6 Nc6 36. Rd5 c3 37. e4 Ne7 38. Rd3 Qc5 39. e5 c2 40. Rc3 c1=Q 41. exf6 Rxf6 42. Rxc5 Qxc5 43.
Ne4 Rg6 44. Nxc5 Rxg3 45. Kxg3 Nd5 46. Kf3 Nf6 47. g4 Nxd7 48. Ne6 Rc8 49. f5 Kg8 50.
Ke4 Rc2 51. Kd5 Rxa2 52. Kd6 Nf6 53. g5 Nh5 54. Nc7 a5 55. Ke7 a4 56. f6 gxf6 57.
gxf6 Re2+ 58. Ne6 Nxf6 59. Kxf6 Rxe6+ 60. Kxe6 a3 0-1

[Event "Late-Titled-Tuesday-Blitz-February-13-2024"]
[Site "Chess.com"]
[Date "2024.02.13"]
[Round "2"]
[White "johnmez"]
[Black "cristianserban1"]
[Result "0-1"]
[WhiteElo "2280"]
[BlackElo "2515"]
[TimeControl "180+1"]
[EndTime "14:18:35 PST"]
[Termination "cristianserban1 won on time"]

1. d4 g6 2. c4 Bg7 3. e4 d6 4.
Ne2 e5 5. d5 f5 6. Nbc3 Nf6 7.
Bg5 Nbd7 8. Qc2 f4 9. f3 O-O 10. g4 h6 11. Bh4 g5 12. Bf2 a5 13. Nc1 Kf7 14. Nd3 c6 15. Be2 Qc7 16. O-O-O Rb8 17. Kb1 cxd5 18. cxd5 b5 19. Rc1 Ba6 20. h4 Rfc8 21.
hxg5 hxg5 22. Nd1 Qxc2+ 23. Rxc2 Rxc2 24. Kxc2 b4 25. Nxf4 exf4 26. Bxa6 Ne5 27. Be2 a4 28. Bd4 Nfd7 29. Nf2 a3 30. b3 Rc8+ 31. Kb1 Nxg4 32. Nxg4 Bxd4 33. Rh7+ Ke8 34. Bb5 Rc7 35. Bc6 Kd8 36.
Nh6 Ne5 37. Rh8+ Ke7 38. Nf5+ Kf6 39. Nxd4 g4 40. fxg4 Nxg4 41. Rf8+ Ke5 42. Ne6 Rh7 43. Rxf4 Ne3 44. Kc1 Rh2 45. Rf8 Rxa2 46. Nc7 Ra1+ 47. Kd2 a2 48. Re8+ Kd4 49. Nb5+ Kc5 50. Rc8 Rd1+ 51.
Kxe3 a1=Q 52. Be8+ Kb6 53. Rc6+ Kb7 54. Nxd6+ Ka7 55.
Nb5+ Kb7 56. Nd6+ Kb8 57. Rc8+ Ka7 58. Nb5+ Kb7 59. Rc7+ Kb8 60. Rd7 Re1+ 0-1

[Event "Late-Titled-Tuesday-Blitz-February-13-2024"]
[Site "Chess.com"]
[Date "2024.02.13"]
[Round "2"]
[White "fks_stal_mielec"]
[Black "SergioMoralesG"]
[Result "0-1"]
[WhiteElo "2287"]
[BlackElo "2516"]
[TimeControl "180+1"]
[EndTime "14:18:39 PST"]
[Termination "SergioMoralesG won on time"]

1. e4 c5 2. c4 Nc6 3. Nc3 Nf6 4. g3 g6 5. Bg2 Bg7 6. d3 O-O 7. Nge2 d6 8. O-O Rb8 9. f4 e6 10. Be3 a6 11. a4 Ng4 12. Bd2 f5 13. h3 Nf6 14. Be3 Qe7 15. d4 Bd7 16. e5 dxe5 17. dxe5 Ne8 18. Qd2 Nc7 19. Rfd1 Rfd8 20. Qe1 Bf8 21.
Qf2 Be8 22. Kh2 Nb4 23. Rac1 b6 24. a5 bxa5 25. Qg1 Nd3 26. Rc2 Nxb2 27. Rb1 Nxc4 28.
Rxb8 Rxb8 29. Bf2 Na3 30. Ra2 c4 31. Qc1 Ncb5 32. Na4 Rc8 33. Nb6 Rc7 34. Nc3 Nxc3 35. Qxc3 Nb5 36. Qxa5 c3 37. Be3 Bc6 38. Bxc6 Rxc6 39.
Qa4 Qb4 40. Qxa6 c2 41. Qa4 Qxa4 42. Rxa4 c1=Q 43. Bxc1 Rxc1 44. Nd7 Rc2+ 45. Kg1 Rc7 46. Nb6 Bc5+ 47. Kg2 Bxb6 48. Rb4 Rc5 49. Rb3 Kg7 50. Rb2 h6 51. Kf3 g5 52. Kg2 gxf4 53. gxf4 Kg6 54.
Kg3 Bd8 55. Rd2 Rc3+ 56. Kg2 Be7 57. Rd7 Kf7 58. Rb7 Nd4 59. Kf2 Rxh3 60. Kg2 Rh4 61.
Kg3 Rg4+ 62. Kh3 Rxf4 63. Kg3 Rg4+ 64. Kf2 Re4 65. Kg3 Rxe5 66. Ra7 Rd5 67. Kf4 e5+ 68.
Kg3 Ke6 69. Rb7 f4+ 70. Kg4 Nf5 71. Rc7 Ne3+ 72. Kf3 Bd6 73. Ke4 Bxc7 0-1

[Event "Late-Titled-Tuesday-Blitz-February-13-2024"]
[Site "Chess.com"]
[Date "2024.02.13"]
[Round "2"]
[White "SpeedofLight0"]
[Black "AldokhinIvan"]
[Result "1-0"]
[WhiteElo "3051"]
[BlackElo "2665"]
[TimeControl "180+1"]
[EndTime "14:18:40 PST"]
[Termination "SpeedofLight0 won on time"]

1. d4 Nf6 2. Nc3 d5 3. Bf4 a6 4. e3 Bf5 5. Bd3 Bg6 6. Nf3 e6 7. Ne5 Nbd7 8. Nxg6 hxg6 9. e4 dxe4 10. Nxe4 Nxe4 11.
Bxe4 c6 12. Qe2 Nf6 13. O-O-O Bd6 14. Bg5 Qa5 15. Bxf6 gxf6 16. Kb1 f5 17. Bf3 O-O-O 18. h4 Qb6 19. c3 Be7 20. g3 Qc7 21. Qe3 Rdg8 22.
h5 g5 23. Be2 g4 24. Bc4 Bg5 25. Qe2 Rh6 26. Bb3 Rgh8 27. c4 Kb8 28. d5 c5 29. Ba4 e5 30. Qd3 e4 31. d6 exd3 32. dxc7+ Kxc7 33. Rxd3 b5 34. cxb5 axb5 35. Bxb5 Rxh5 36.
Rxh5 Rxh5 37. Rd5 Bf6 38. Rxc5+ Kd6 39. Rc6+ Ke5 40. Bd3 Rh1+ 41. Kc2 Be7 42. Rc4 Rh2 43. Rf4 Bc5 44. Rxf5+ Kd6 45. Rxf7 Rxf2+ 46. Rxf2 Bxf2 47. Be2 Bxg3 48. Bxg4 Kc5 49. a3 Kb5 50. b4 Bd6 51. Kb3 Kb6 52. a4 Bc7 53. a5+ Ka6 54. Be2+ Ka7 55.
Kc4 Bd8 56. Kb5 Bc7 57. Kc6 Bd8 58. Kd7 Bf6 59. b5 Bc3 60. b6+ Kb7 61. Bf3+ Ka6 62. Be2+ Kxa5 63. b7 Be5 64. Kc6 1-0

[Event "Late-Titled-Tuesday-Blitz-February-13-2024"]
[Site "Chess.com"]
[Date "2024.02.13"]
[Round "2"]
[White "tarno17"]
[Black "FrenchMonster2002"]
[Result "0-1"]
[WhiteElo "2121"]
[BlackElo "2450"]
[TimeControl "180+1"]
[EndTime "14:18:41 PST"]
[Termination "FrenchMonster2002 won by resignation"]

1. e4 e5 2. Nf3 Nf6 3. Nxe5 Nxe4 4. d3 Nf6 5. d4 d6 6. Nf3 d5 7. Bd3 Bd6 8. O-O O-O 9. h3 h6 10. Re1 c6 11. Nbd2 a5 12. c4 Na6 13. c5 Bb8 14. a3 Nc7 15. Nf1 Re8 16. Bf4 Ne6 17. Bxb8 Rxb8 18. Ng3 Nf4 19. Bc2 b6 20. b4 bxc5 21.
bxc5 Ba6 22. Ne5 Qc7 23. Qf3 Ne6 24. Nf5 Nxd4 25. Nxd4 Rxe5 26. Nf5 Rbe8 27. Rxe5 Qxe5 28. Rb1 Be2 29. Qb3 d4 30. Nd6 Re7 31. Qb8+ Ne8 32.
Nxe8 Qxb8 33. Rxb8 d3 34. Bb1 g6 35. Rd8 d2 36. Rxd2 Rxe8 37. f3 Bc4 38. Kf2 Bd5 39.
Rb2 Bc4 40. Rd2 Re5 41. Rc2 Bd3 42. Rc1 Bxb1 43. Rxb1 Rxc5 44. Rb8+ Kg7 45. a4 Rc4 46. Rc8 c5 47. Rc6 Kf8 48. g4 Ke7 49. Rc8 Kd7 50. Rf8 Rxa4 51. Rxf7+ Ke6 52. Rc7 c4 53. Rc6+ Kf7 54.
Rc7+ Kf6 55. Rc6+ Ke5 56. Rxg6 Ra2+ 57. Ke3 Ra3+ 58. Kf2 a4 59. Rxh6 Rb3 60. Rc6 Kd5 61. Ra6 a3 62. h4 Rb2+ 63. Ke1 a2 64. Kd1 Rb1+ 65. Kc2 a1=Q 66. Rxa1 Rxa1 67. h5 Ke5 68. h6 Rh1 69. g5 Kf5 70. f4 Kxf4 71. g6 Rxh6 72. g7 Rg6 73. g8=Q Rxg8 0-1

[Event "Late-Titled-Tuesday-Blitz-February-13-2024"]
[Site "Chess.com"]
[Date "2024.02.13"]
[Round "2"]
[White "Baronessa08"]
[Black "rezamahdavi2008"]
[Result "0-1"]
[WhiteElo "2548"]
[BlackElo "2849"]
[TimeControl "180+1"]
[EndTime "14:18:43 PST"]
[Termination "rezamahdavi2008 won by resignation"]

1. d4 d5 2. Nf3 Nf6 3. c4 e6 4.
Nc3 Nbd7 5. cxd5 exd5 6. Bg5 Bb4 7. e3 h6 8. Bf4 g5 9. Be5 Nxe5 10. Nxe5 c6 11. Bd3 Nd7 12. Nf3 Qe7 13. O-O g4 14. Nd2 h5 15. Re1 Nf6 16. e4 dxe4 17.
Ndxe4 Kf8 18. Nxf6 Qxf6 19. Qb3 a5 20. Bc4 b5 21.
Bf1 g3 22. hxg3 h4 23. Ne4 Qh6 24. g4 Bxg4 25. Re3 h3 26. gxh3 Be6 27. Qc2 Bd5 28.
Ng3 Bd6 29. Rae1 Rg8 30. Qf5 Rg5 31. Qd7 Qh4 32. Qxd6+ Kg7 33. Bg2 Bxg2 34. Kxg2 Rh8 35.
Rh1 Rh6 36. Qd7 Rf6 37. Rf3 Rgg6 38. Rxf6 Qxf6 39. d5 cxd5 40. Qxd5 Qxb2 41. h4 Kg8 42. h5 Rf6 43. Rf1 a4 44. Qg5+ Kf8 45. h6 Qd4 46. h7 Rg6 47. Qh5 Qh8 48. Re1 Kg7 49. Qe5+ f6 50. Rh1 fxe5 51. Kf3 Kf7 52. Ke4 Rf6 53.
Nf5 Rxf5 54. Kxf5 Qf6+ 55. Ke4 Qh8 56. f3 Qa8+ 57. Kxe5 Qh8+ 58. Ke4 b4 59. f4 b3 60. axb3 a3 61. f5 a2 62. f6 Qa8+ 63. Kf5 Qxh1 64. h8=Q Qxh8 0-1

[Event "Late-Titled-Tuesday-Blitz-February-13-2024"]
[Site "Chess.com"]
[Date "2024.02.13"]
[Round "2"]
[White "besarquis"]
[Black "Bugcrusher"]
[Result "0-1"]
[WhiteElo "2150"]
[BlackElo "2463"]
[TimeControl "180+1"]
[EndTime "14:18:43 PST"]
[Termination "Bugcrusher won on time"]

1. e4 c6 2. Nc3 d5 3. Nf3 dxe4 4.
Nxe4 Nf6 5. Nxf6+ exf6 6. d4 Bd6 7. Bd3 O-O 8. O-O Bg4 9. h3 Bh5 10. Re1 Nd7 11. g4 Bg6 12. Nh4 Rc8 13. Nf5 Bxf5 14.
Bxf5 Bb8 15. Qf3 Qc7 16. Qg2 Rcd8 17. Bd2 Nb6 18. Bb4 Rfe8 19. b3 Nd5 20. Bd2 Nf4 21.
Qf3 Ne2+ 22. Rxe2 Rxe2 23. Ba5 Qh2+ 24. Kf1 Rde8 25. Bd3 R2e7 26. Bd2 Qd6 27. Be3 Bc7 28. Rd1 Bb6 29. Bc4 Bc7 30. Bc1 a6 31. a4 b5 32.
axb5 cxb5 33. Bd3 Ba5 34. Bf5 Re1+ 35. Kg2 Rxd1 36. Qxd1 Bc7 37. Qf3 Qxd4 38. Be3 Qd6 39. Kf1 a5 40. Bd3 a4 41. Qf5 g6 42. Qxb5 a3 43. Qxe8+ Kg7 44. Qa4 Bd8 45. b4 Qh2 46. Qxa3 Qxh3+ 47. Ke2 Qxg4+ 48. Kd2 Be7 49. c3 h5 50. Qa5 h4 51. Qd5 h3 52. Bc4 Qe6 53. Qxe6 fxe6 54. Bxe6 h2 55. Bd5 f5 56. Bh1 g5 57. f4 g4 58. b5 g3 59. b6 Bd6 60. b7 Kg6 0-1

[Event "Late-Titled-Tuesday-Blitz-February-13-2024"]
[Site "Chess.com"]
[Date "2024.02.13"]
[Round "2"]
[White "TorFredrikKaasen"]
[Black "ahmedkandiliii"]
[Result "0-1"]
[WhiteElo "2791"]
[BlackElo "2555"]
[TimeControl "180+1"]
[EndTime "14:18:44 PST"]
[Termination "ahmedkandiliii won by checkmate"]

1. e4 e5 2. Nf3 Nc6 3. Bc4 Nf6 4.
d3 Be7 5. O-O O-O 6. Re1 d6 7.
a4 Be6 8. a5 a6 9. Nc3 Bxc4 10.
dxc4 h6 11. b3 Re8 12. Nd5 Bf8 13. Nd2 Nd4 14. Nf1 c6 15. Nxf6+ Qxf6 16. Bb2 Rad8 17.
Ne3 Ne6 18. Qd2 Nf4 19. Rad1 Qg5 20. Kh1 d5 21. exd5 cxd5 22. cxd5 Rxd5 23. Qc1 Rxa5 24. g3 Nh3 25. Kg2 Nf4+ 26. Kh1 Ng6 27. Qd2 e4 28. Nc4 Qxd2 29. Rxd2 Rc5 30. Rd7 b5 31. Ne3 Ne5 32. Ra7 Nf3 33. Rd1 Rc6 34. Rdd7 Bc5 35. Rxf7 Bxa7 36.
Rxg7+ Kf8 37. Rxa7 Rd8 38. g4 Rd2 39. Kg2 Ne1+ 40.
Kg3 Nxc2 41. Bg7+ Ke8 42. Nf5 Ne1 43. Re7+ Kd8 44. Rxe4 Rd3+ 45. Kh4 Nf3+ 46. Kh5 Ng5 47. Re3 Rxe3 48. Nxe3 Ne4 49. Bxh6 Nxf2 50. Bg5+ Kc8 51.
Bf4 Ne4 52. g5 a5 53. g6 a4 54. bxa4 bxa4 55. g7 Nf6+ 56. Kg5 a3 57. Be5 Ng8 58. Nf5 a2 59. h4 Rc5 60. Bd4 Rd5 61. Bc3 Ne7 62. g8=Q+ Nxg8 63. Kg6 Kd7 64. h5 Ne7+ 65. Nxe7 Kxe7 66. h6 Rd6+ 67. Kg7 Rd3 68. Bb2 Rg3+ 69.
Kh7 Kf7 70. Be5 Rg1 71. Kh8 a1=Q 72. Bxa1 Rxa1 73. Kh7 Ra7 74. Kh8 Kg6 75. Kg8 Ra8# 0-1

[Event "Late-Titled-Tuesday-Blitz-February-13-2024"]
[Site "Chess.com"]
[Date "2024.02.13"]
[Round "2"]
[White "sansanathalia"]
[Black "saikrishnaReturns"]
[Result "1/2-1/2"]
[WhiteElo "2386"]
[BlackElo "2771"]
[TimeControl "180+1"]
[EndTime "14:18:44 PST"]
[Termination "Game drawn - insufficient material"]

1. e4 c5 2. Nf3 d6 3. d4 cxd4 4. Qxd4 Nc6 5. Bb5 Bd7 6. Bxc6 Bxc6 7. Nc3 Nf6 8. Bg5 e6 9. O-O-O Be7 10. Rhe1 Qa5 11.
Kb1 Rc8 12. Qd2 h6 13. Bh4 Qb6 14. Bg3 O-O 15. Nd4 Bd7 16. f4 Rfd8 17. h3 d5 18. Bf2 Bb4 19. Nb3 Qa6 20. exd5 Nxd5 21. Bd4 Rc4 22. Qd3 Bxc3 23. Bxc3 Rdc8 24. Rd2 Rxc3 25. Qxa6 bxa6 26. bxc3 Rxc3 27. Kb2 Rc4 28. f5 Kf8 29. fxe6 Bxe6 30. Nd4 Bd7 31. Rd3 Rb4+ 32. Kc1 Ra4 33. a3 Nb6 34. Ne2 Bb5 35. Rb3 Nc4 36. Nc3 Rxa3 37.
Rxa3 Nxa3 38. Nxb5 Nxb5 39. Kb2 Nd6 40. c3 f5 41. Kb3 g5 42. c4 Ne4 43. Kb4 Ke7 44.
Ka5 Kd6 45. Kxa6 Kc5 46. Kxa7 Kxc4 47. Kb6 Kd3 48. Kc6 Kd2 49. Rf1 f4 50. Rf3 Ke2 51. Kd5 Nd2 52. Ra3 Kf2 53. Ra2 Ke1 54. Ke5 f3 55. gxf3 Nxf3+ 56. Ke4 Ng1 57. Ke3 Kf1 58.
Rf2+ Ke1 59. Rg2 Kf1 60. Rh2 h5 61. h4 g4 62. Ra2 Nf3 63. Kf4 Nxh4 64. Kg3 Nf5+ 65.
Kf4 Nd4 66. Kg3 Ne2+ 67. Kh4 Kf2 68. Ra1 g3 69. Kxh5 g2 70. Kh4 Ng3 71. Kh3 Ne2 72. Kh2 Nf4 73. Ra2+ Ne2 74. Rxe2+ Kxe2 75. Kxg2 1/2-1/2